[Event "Titled Tuesday Blitz January 18 2022"]
[White "Cunha, Lucas Aguiar"]
[Black "Okike, David"]
[WhiteFideId "2125404"]
[BlackFideId "8500134"]
[WhiteElo "2361"]
[BlackElo "2232"]
[Result "1-0"]
[Round "10"]
[TimeControl "180+1"]
[Date "2022.01.18"]
[WhiteClock "0:00:26"]
[BlackClock "0:00:03"]

1. e4 c5 2. Nf3 Nc6 3. Nc3 Nf6 4. e5 Ng4 5. Qe2 g6 6. h3 Nh6 7. Ne4 b6 8. c3 Bg7 9. Nf6+ Kf8 10. Nd5 e6 11. Nf4 f6 12. exf6 Qxf6 13. d3 Nf7 14. g3 d5 15. Bg2 Bd7 16. O-O Re8 17. Re1 h6 18. Bd2 Kg8 19. a3 a5 20. h4 Kh7 21. h5 g5 22. Ng6 Rhg8 23. Nh2 Nd6 24. Ng4 Qf5 25. Rad1 Ne7 26. N4e5 Bc8 27. d4 Bxe5 28. Nxe5 Nf7 29. Ng4 Kh8 30. dxc5 bxc5 31. c4 Bb7 32. Qxe6 Qxe6 33. Rxe6 Nf5 34. cxd5 Ng7 35. Bc3 1-0


[Site "https://www.chess.com"]

[Event "Titled Tuesday Blitz January 18 2022"]
[White "De Silva, L M S T"]
[Black "Oparin, Grigoriy"]
[WhiteFideId "9953698"]
[BlackFideId "24125890"]
[WhiteElo "1631"]
[BlackElo "2685"]
[Result "1/2-1/2"]
[Round "10"]
[TimeControl "180+1"]
[Date "2022.01.18"]
[WhiteClock "0:00:04"]
[BlackClock "0:00:07"]

1. e4 c6 2. d4 d5 3. Nc3 dxe4 4. Nxe4 Nf6 5. Nxf6+ exf6 6. c3 Bd6 7. Bd3 O-O 8. Ne2 Re8 9. Qc2 h6 10. O-O Nd7 11. Bf4 Nf8 12. Bg3 Bg4 13. Rae1 Qd7 14. Bxd6 Qxd6 15. Ng3 Be6 16. b3 a5 17. Ne4 Qc7 18. Re3 f5 19. Nc5 g6 20. Rfe1 b6 21. Nxe6 Rxe6 22. Bc4 Rxe3 23. Rxe3 b5 24. Be2 Ne6 25. Bf3 Qd6 26. g3 Rd8 27. Bg2 b4 28. Rd3 bxc3 29. Qxc3 Nxd4 30. Kh1 Qb4 31. Qc1 h5 32. a3 Qe7 33. Qd2 c5 34. Qxa5 Rb8 35. Re3 Qd6 36. Qa4 Nxb3 37. Bf3 Nd4 38. Kg2 Kg7 39. Qd1 h4 40. a4 Rb2 41. a5 hxg3 42. hxg3 f4 43. Re2 Rb3 44. Rd2 fxg3 45. Qxb3 gxf2 46. Qc3 Qe5 47. Kxf2 Kh7 48. Rxd4 cxd4 49. Qe1 Qc5 50. Qd2 d3+ 51. Kg2 Qd6 52. Qa2 d2 53. Qxf7+ Kh6 54. Bd1 Qe5 55. Qf3 Qxa5 56. Qf8+ Kh7 57. Qf7+ Kh6 58. Qf8+ Kh7 59. Qf7+ Kh6 60. Qf8+ 1/2-1/2


[Site "https://www.chess.com"]

[Event "Titled Tuesday Blitz January 18 2022"]
[White "Doluhanova, Evgeniya"]
[Black "Shipov, Sergei"]
[WhiteFideId "14112035"]
[BlackFideId "4113624"]
[WhiteElo "2076"]
[BlackElo "2765"]
[Result "0-1"]
[Round "10"]
[TimeControl "180+1"]
[Date "2022.01.18"]
[WhiteClock "0:00:09"]
[BlackClock "0:00:17"]

1. e4 e6 2. d4 d5 3. Bd3 dxe4 4. Bxe4 Nf6 5. Bf3 c5 6. Ne2 Nc6 7. Be3 cxd4 8. Nxd4 Ne5 9. Nd2 a6 10. Qe2 Qc7 11. O-O-O Bd7 12. Bf4 Bd6 13. Bg3 O-O 14. Ne4 Nxe4 15. Bxe4 Rac8 16. Kb1 b5 17. Rhe1 Nc4 18. Bxd6 Nxd6 19. Qh5 Nxe4 20. Rxe4 Rfd8 21. Rh4 h6 22. Rd3 Qc5 23. Qxc5 Rxc5 24. Nb3 Rc7 25. Rhd4 Kf8 26. Rd6 Ke7 27. Rxa6 Rdc8 28. Rad6 b4 29. Rd2 Bc6 30. f3 g5 31. R6d4 Rb7 32. Rc4 Bd7 33. Rxc8 Bxc8 34. Nc5 Rb5 35. Ne4 Bd7 36. Rd4 f5 37. Nd2 Re5 38. b3 Re2 39. g3 Rxh2 40. Nc4 h5 41. Ne5 Be8 42. Rxb4 h4 43. gxh4 gxh4 44. Rb7+ Kd6 45. Ng6 Bxg6 0-1


[Site "https://www.chess.com"]

[Event "Titled Tuesday Blitz January 18 2022"]
[White "Dounis, Alexandros"]
[Black "Klenburg, Michael"]
[WhiteFideId "4213238"]
[BlackFideId "14102072"]
[WhiteElo "2195"]
[BlackElo "2359"]
[Result "1/2-1/2"]
[Round "10"]
[TimeControl "180+1"]
[Date "2022.01.18"]
[WhiteClock "0:00:17"]
[BlackClock "0:00:41"]

1. Nf3 Nf6 2. g3 g6 3. Bg2 Bg7 4. O-O O-O 5. d4 d6 6. b3 a5 7. c4 a4 8. Bb2 axb3 9. axb3 Rxa1 10. Bxa1 c6 11. Nc3 Na6 12. Qd2 Qa5 13. Bb2 Qb4 14. Qc2 Bf5 15. e4 Bg4 16. Ne1 Qb6 17. Na4 Qa7 18. Nd3 Bc8 19. Ra1 Nd7 20. c5 Qb8 21. b4 dxc5 22. bxc5 Qc7 23. Qb3 e5 24. d5 cxd5 25. exd5 Ndxc5 26. Naxc5 Nxc5 27. Nxc5 Qxc5 28. Ba3 Qa5 29. Bb2 Qd8 30. Ra8 Qc7 31. d6 Qxd6 32. Ba3 Qe6 33. Qxe6 Bxe6 34. Bxf8 Bxf8 35. Bxb7 Kg7 36. Kg2 Bc5 37. Rd8 Be7 38. Rd1 f5 39. Bd5 Kf6 40. Bxe6 Kxe6 41. Ra1 e4 42. Ra7 h5 43. h4 Bc5 44. Ra6+ Kf7 45. Rc6 Bd4 46. Kf1 Kg7 47. Ke2 Kf7 48. Rc4 Bb6 49. Rc6 Bd4 50. Ra6 Kg7 51. f3 exf3+ 52. Kxf3 Be5 53. Re6 Bb8 54. Re8 Bd6 55. Re6 Bb8 56. Rb6 Be5 57. Re6 Bb8 1/2-1/2


[Site "https://www.chess.com"]

[Event "Titled Tuesday Blitz January 18 2022"]
[White "Erdogdu, Mert"]
[Black "Sjoberg, Isak"]
[WhiteFideId "6301495"]
[BlackFideId "1521640"]
[WhiteElo "2485"]
[BlackElo "2016"]
[Result "1-0"]
[Round "10"]
[TimeControl "180+1"]
[Date "2022.01.18"]
[WhiteClock "0:02:07"]
[BlackClock "0:01:06"]

1. e4 e5 2. Nf3 Nc6 3. Bc4 Nf6 4. d3 Be7 5. O-O O-O 6. Re1 d6 7. a4 a6 8. Nc3 Bg4 9. h3 Bh5 10. Be3 Nd4 11. Bxd4 exd4 12. Nd5 Nxd5 13. Bxd5 c6 14. Bb3 Bf6 15. g4 Bg6 16. Kg2 b5 17. Qd2 Rb8 18. axb5 axb5 19. Ra6 Rb6 20. Ra7 Qb8 21. Rea1 Rb7 22. R7a6 Rb6 23. Qf4 Rxa6 24. Rxa6 Be5 25. Qd2 c5 26. Bd5 h5 27. Nxe5 1-0


[Site "https://www.chess.com"]

[Event "Titled Tuesday Blitz January 18 2022"]
[White "Evdokimov, Alexander A."]
[Black "Bauer, Thomas"]
[WhiteFideId "4139275"]
[BlackFideId "1639293"]
[WhiteElo "2444"]
[BlackElo "2220"]
[Result "1-0"]
[Round "10"]
[TimeControl "180+1"]
[Date "2022.01.18"]
[WhiteClock "0:00:16"]
[BlackClock "0:00:16"]

1. Nf3 g6 2. g3 Bg7 3. Bg2 Nf6 4. O-O O-O 5. c4 d6 6. Nc3 e5 7. Rb1 a5 8. d3 c6 9. a3 Na6 10. b4 axb4 11. axb4 Nc7 12. b5 Ne6 13. Nd2 Bd7 14. bxc6 bxc6 15. Nde4 Ne8 16. Nd2 h5 17. Bb2 h4 18. Ra1 Rb8 19. Qc1 Nd4 20. e3 h3 21. Bh1 Nf5 22. Qc2 Nc7 23. Rfb1 Ne6 24. Ba3 Qg5 25. Nde4 Qe7 26. Rxb8 Rxb8 27. Rb1 Ra8 28. Qb2 Bf8 29. Ra1 Qd8 30. Qc1 Be8 31. Bb2 Rb8 32. Ba3 Be7 33. Rb1 Ra8 34. Rb7 Qc8 35. Rxe7 Nxe7 36. Bxd6 Nf5 37. Bxe5 Qa6 38. g4 Qa1 39. Qd1 Nfg7 40. Nf6+ Kh8 41. Nxe8 Qxd1+ 42. Nxd1 Rxe8 43. Bxc6 Rb8 44. Bxb8 Nc5 45. Be5 Nxd3 46. Bd4 Kg8 47. Bd5 Kf8 48. f3 f5 49. Nf2 Nc1 50. Nxh3 fxg4 51. fxg4 Ne8 52. Nf4 g5 53. Ne6+ Ke7 54. Nxg5 Nd6 55. Kg2 Nd3 56. Ne4 Ne8 57. Nf2 Ne1+ 58. Kg3 Kf8 59. Be4 Kf7 60. Bc3 1-0


[Site "https://www.chess.com"]

[Event "Titled Tuesday Blitz January 18 2022"]
[White "Ezat, Mohamed"]
[Black "Demchenko, Anton"]
[WhiteFideId "10600906"]
[BlackFideId "4160258"]
[WhiteElo "2386"]
[BlackElo "2539"]
[Result "1/2-1/2"]
[Round "10"]
[TimeControl "180+1"]
[Date "2022.01.18"]
[WhiteClock "0:00:06"]
[BlackClock "0:00:05"]

1. d4 Nf6 2. c4 g6 3. Nc3 Bg7 4. e4 d6 5. Be2 Nbd7 6. Bg5 h6 7. Be3 e5 8. d5 Nc5 9. f3 a5 10. g4 h5 11. Bg5 Qd7 12. Qc2 hxg4 13. O-O-O g3 14. h4 Nh5 15. Nh3 g2 16. Rh2 Ng3 17. Rg1 f6 18. Be3 Rxh4 19. Rhxg2 Rxh3 20. Rxg3 Rxg3 21. Rxg3 Kf7 22. Bf1 Qd8 23. Qh2 Qh8 24. Qxh8 Bxh8 25. Bxc5 dxc5 26. Nb5 Bg7 27. Nxc7 Rb8 28. Kc2 f5 29. exf5 gxf5 30. Bd3 Bf6 31. Rh3 e4 32. fxe4 fxe4 33. Rh7+ Kg8 34. Bxe4 Bg4 35. Rh1 Kf7 36. d6 Be5 37. Rf1+ Kg7 38. Rg1 Bxd6 39. Rxg4+ Kf6 40. Nb5 Ke5 41. Nxd6 Kxd6 42. Rg5 b6 43. Kd3 Rh8 44. Rg6+ Ke5 45. Rg5+ Kd6 46. Rg3 Ke5 47. Bg2 Rd8+ 48. Kc3 Rd1 49. a3 Rc1+ 50. Kb3 Rg1 51. Rg4 Kf5 52. Rg8 Ke5 53. Bd5 Rd1 54. Rg6 b5 55. Rg5+ Kf6 56. Rh5 b4 57. axb4 cxb4 58. Rh3 Ke5 59. Re3+ Kd6 60. Rh3 Kc5 61. Rh6 Ra1 62. Rc6+ Kd4 63. Ra6 Kc5 64. Ra7 Kb6 65. Ra8 Kc5 66. Kc2 Kd4 67. b3 Ra2+ 68. Kb1 Ra3 69. Ra6 Kc3 70. c5 Kd4 71. c6 Kxd5 72. c7 Rxb3+ 73. Ka2 Rc3 74. Rxa5+ Kd6 75. Ra7 Rxc7 76. Rxc7 Kxc7 77. Kb3 Kb6 78. Kxb4 1/2-1/2


[Site "https://www.chess.com"]

[Event "Titled Tuesday Blitz January 18 2022"]
[White "Firat, Burak"]
[Black "Kosakowski, Jakub"]
[WhiteFideId "6305881"]
[BlackFideId "1185080"]
[WhiteElo "2419"]
[BlackElo "2476"]
[Result "1-0"]
[Round "10"]
[TimeControl "180+1"]
[Date "2022.01.18"]
[WhiteClock "0:00:18"]
[BlackClock "0:00:05"]

1. Nf3 Nf6 2. c4 e6 3. g3 d5 4. Bg2 dxc4 5. O-O Nbd7 6. Na3 Bxa3 7. bxa3 O-O 8. a4 c6 9. Ba3 Re8 10. Qc2 Nb6 11. Rab1 e5 12. a5 Nbd5 13. Qxc4 Qxa5 14. Bb2 Nb6 15. Qc2 Qxa2 16. d3 e4 17. dxe4 Nxe4 18. Nd4 Nf6 19. Rfc1 Na4 20. Nxc6 Nxb2 21. Rxb2 Qa3 22. Nd4 a6 23. e3 Qe7 24. Qb3 Ne4 25. Rbc2 h6 26. Rc7 Qf6 27. Bxe4 Rxe4 28. Rxc8+ Rxc8 29. Rxc8+ Kh7 30. Qxb7 Re7 31. Qb1+ g6 32. Rc6 Qe5 33. Rxa6 Rc7 34. Ra1 h5 35. h4 Qd5 36. Qf1 Rc3 37. Qg2 Qc5 38. Qf3 Qc4 39. Ra7 Rc1+ 40. Kh2 Kg7 41. Qf4 Rf1 42. Nf5+ 1-0


[Site "https://www.chess.com"]

[Event "Titled Tuesday Blitz January 18 2022"]
[White "Gelman, Alexander"]
[Black "Prieto Aranguren, Alain"]
[WhiteFideId "4118316"]
[BlackFideId "2268906"]
[WhiteElo "2375"]
[BlackElo "2235"]
[Result "1-0"]
[Round "10"]
[TimeControl "180+1"]
[Date "2022.01.18"]
[WhiteClock "0:00:06"]
[BlackClock "0:00:01"]

1. d4 e5 2. dxe5 f6 3. Nf3 Nc6 4. exf6 Nxf6 5. Bg5 Bc5 6. e3 d5 7. Nc3 Be6 8. Bb5 O-O 9. Bxc6 bxc6 10. Nd4 Bd7 11. Qd3 Rb8 12. Nb3 Bd6 13. h3 a5 14. O-O-O h6 15. Bh4 a4 16. Nxa4 Rb4 17. Bxf6 Qxf6 18. Nc3 Ra8 19. Nxd5 cxd5 20. Qxd5+ Kh7 21. Qxa8 Qxf2 22. Qf3 Qh4 23. Rd4 Qe7 24. Rxb4 Bxb4 25. Rd1 Bd6 26. Kb1 Be8 27. Nd4 Be5 28. a3 Bf6 29. g4 Bf7 30. Qf5+ Kg8 31. Qf4 Bg6 32. Nf5 Qc5 33. Qb4 Qe5 34. c3 h5 35. Qf4 Qb5 36. Ka1 hxg4 37. hxg4 Qb3 38. Rd7 Bf7 39. Rxf7 Kxf7 40. Qxc7+ Kg6 41. Qd6 Kg5 42. Nd4 Kxg4 43. Nxb3 1-0


[Site "https://www.chess.com"]

[Event "Titled Tuesday Blitz January 18 2022"]
[White "Gheorghiu, Calin"]
[Black "Prraneeth Vuppala"]
[WhiteFideId "1200305"]
[BlackFideId "46622373"]
[WhiteElo "2168"]
[BlackElo "1759"]
[Result "0-1"]
[Round "10"]
[TimeControl "180+1"]
[Date "2022.01.18"]
[WhiteClock "0:00:05"]
[BlackClock "0:00:59"]

1. d4 Nf6 2. Bf4 d5 3. e3 e6 4. Nd2 Bd6 5. Bxd6 Qxd6 6. f4 c5 7. c3 cxd4 8. cxd4 O-O 9. Ngf3 b6 10. Bd3 Ba6 11. Bc2 Nc6 12. a3 Rac8 13. Ne5 Nxe5 14. fxe5 Qc7 15. Rc1 Ne4 16. Nxe4 dxe4 17. Kf2 f5 18. Bb3 Qe7 19. g3 Bb7 20. Qh5 g6 21. Qh6 Bd5 22. Bxd5 exd5 23. h4 b5 24. h5 g5 25. Qa6 Rxc1 26. Rxc1 f4 27. Qxb5 fxe3+ 28. Ke2 Qe6 29. Kxe3 Qg4 30. Qxd5+ Kh8 31. Kd2 Qxg3 32. Qxe4 Rf2+ 33. Kd1 Qg1+ 34. Qe1 Qg4+ 0-1


[Site "https://www.chess.com"]

[Event "Titled Tuesday Blitz January 18 2022"]
[White "Girya, Olga"]
[Black "Mickiewicz, Piotr"]
[WhiteFideId "4195752"]
[BlackFideId "1114891"]
[WhiteElo "2275"]
[BlackElo "2266"]
[Result "0-1"]
[Round "10"]
[TimeControl "180+1"]
[Date "2022.01.18"]
[WhiteClock "0:00:14"]
[BlackClock "0:01:31"]

1. d4 Nf6 2. Nf3 g6 3. Bg5 Bg7 4. Nbd2 d6 5. c3 Nbd7 6. e4 h6 7. Bh4 g5 8. Bg3 Nh5 9. Bc4 e6 10. O-O a6 11. a4 b6 12. Re1 Nxg3 13. hxg3 g4 14. Nh4 h5 15. f3 Bf6 16. fxg4 Bxh4 17. gxh4 Qxh4 18. gxh5 Rxh5 19. Nf3 Qg3 20. Re3 Bb7 21. Qe1 Qf4 22. Qe2 Nf6 23. Rf1 Ng4 24. g3 Qxg3+ 25. Qg2 Qxg2+ 0-1


[Site "https://www.chess.com"]

[Event "Titled Tuesday Blitz January 18 2022"]
[White "Guseva, Marina"]
[Black "Tanenbaum, Zachary"]
[WhiteFideId "4149351"]
[BlackFideId "2060850"]
[WhiteElo "2232"]
[BlackElo "2168"]
[Result "0-1"]
[Round "10"]
[TimeControl "180+1"]
[Date "2022.01.18"]
[WhiteClock "0:00:08"]
[BlackClock "0:00:08"]

1. d4 d5 2. c4 Bf5 3. cxd5 Bxb1 4. Qa4+ c6 5. Rxb1 Qxd5 6. Nf3 Nd7 7. e3 Ngf6 8. Qc2 e6 9. Bc4 Qh5 10. O-O Bd6 11. e4 e5 12. h3 Rg8 13. dxe5 Nxe5 14. Nxe5 Bxe5 15. Rd1 g5 16. Be2 g4 17. Qb3 Rb8 18. Be3 Qh4 19. Bc4 Rg7 20. Bxa7 gxh3 21. Bxf7+ Rxf7 22. Bxb8 hxg2 23. Qe6+ Kf8 24. Bd6+ Kg7 25. Kxg2 Qh2+ 26. Kf1 Qh1+ 27. Ke2 Qxe4+ 28. Kd2 Rd7 29. Rg1+ Kh8 30. Kc1 Bxb2+ 31. Rxb2 Qxe6 32. Bf4 Qc4+ 0-1


[Site "https://www.chess.com"]

[Event "Titled Tuesday Blitz January 18 2022"]
[White "Gvanceladze, Anna"]
[Black "Lomaia, Diana"]
[WhiteFideId "4113721"]
[BlackFideId "13612476"]
[WhiteElo "2048"]
[BlackElo "1744"]
[Result "0-1"]
[Round "10"]
[TimeControl "180+1"]
[Date "2022.01.18"]
[WhiteClock "0:00:03"]
[BlackClock "0:00:46"]

1. e4 c5 2. Nf3 Nc6 3. Nc3 e5 4. Bb5 d6 5. O-O Ne7 6. a3 g6 7. d3 Bg7 8. Bg5 f6 9. Be3 Be6 10. Qd2 O-O 11. Rab1 a6 12. Bc4 Bxc4 13. dxc4 Nd4 14. Ne1 f5 15. Bg5 Bf6 16. Bxf6 Rxf6 17. f3 b5 18. Nd5 Nxd5 19. cxd5 fxe4 20. c3 e3 21. Qxe3 Nf5 22. Qd2 c4 23. Nc2 Qb6+ 24. Kh1 Raf8 25. Rbe1 g5 26. Ne3 Nxe3 27. Qxe3 Qxe3 28. Rxe3 Rf4 29. g3 R4f5 30. h3 h5 31. Kg2 Kg7 32. Ra1 g4 33. hxg4 hxg4 34. a4 Rxf3 35. Rxf3 gxf3+ 36. Kf2 e4 37. axb5 axb5 38. Ke3 Re8 39. Ra6 Kf6 40. Rxd6+ Ke5 41. Rb6 Rf8 42. Kf2 e3+ 43. Kxe3 f2 44. Rxb5 f1=Q 0-1


[Site "https://www.chess.com"]

[Event "Titled Tuesday Blitz January 18 2022"]
[White "Hakobyan, Aram"]
[Black "Bacrot, Etienne"]
[WhiteFideId "13306677"]
[BlackFideId "605506"]
[WhiteElo "2557"]
[BlackElo "2673"]
[Result "1-0"]
[Round "10"]
[TimeControl "180+1"]
[Date "2022.01.18"]
[WhiteClock "0:00:09"]
[BlackClock "0:00:05"]

1. d4 Nf6 2. c4 e6 3. Nf3 d5 4. Nc3 Be7 5. Bg5 h6 6. Bxf6 Bxf6 7. e3 c6 8. Qc2 Nd7 9. a3 O-O 10. Rd1 a6 11. h3 Qe7 12. Be2 dxc4 13. Bxc4 b5 14. Ba2 Bb7 15. O-O c5 16. d5 Bxc3 17. Qxc3 c4 18. e4 exd5 19. exd5 Qf6 20. Rd4 Nc5 21. Rfd1 Rad8 22. Bb1 Rfe8 23. Qc2 g6 24. Ba2 Kg7 25. b3 cxb3 26. Bxb3 Rc8 27. Qb1 Re2 28. Bc2 Rce8 29. R4d2 Qc3 30. Qb4 Qxb4 31. axb4 Rxd2 32. Rxd2 Nd7 33. Bb3 Re4 34. Nd4 Re1+ 35. Kh2 Rb1 36. Rc2 Nf6 37. d6 Rd1 38. Rc7 Rxd4 39. Rxf7+ Kh8 40. Rxf6 Rxb4 41. d7 1-0


[Site "https://www.chess.com"]

[Event "Titled Tuesday Blitz January 18 2022"]
[White "Harshavardhan G B"]
[Black "Rustemov, Alexander"]
[WhiteFideId "25059009"]
[BlackFideId "4119002"]
[WhiteElo "1831"]
[BlackElo "2881"]
[Result "1-0"]
[Round "10"]
[TimeControl "180+1"]
[Date "2022.01.18"]
[WhiteClock "0:01:20"]
[BlackClock "0:00:02"]

1. d4 d5 2. c4 dxc4 3. e4 Nf6 4. e5 Nd5 5. Bxc4 Nb6 6. Bd3 Nc6 7. Ne2 Be6 8. Nbc3 Qd7 9. Be3 O-O-O 10. b3 Nxe5 11. Bb5 Nc6 12. O-O a6 13. Bd3 Bf5 14. Rc1 Bxd3 15. Qxd3 e6 16. Ne4 Ba3 17. Rc3 Nd5 18. Rc4 f5 19. Nc5 Bxc5 20. Rxc5 e5 21. Rfc1 Ndb4 22. Qc4 e4 23. Nf4 Nxa2 24. Ra1 Ncb4 25. Ne6 c6 26. Nxd8 Rxd8 27. Ra5 f4 28. Bxf4 Qxd4 29. Qxd4 Rxd4 30. h4 Nc3 31. Be5 Rd3 32. Bxc3 Rxc3 33. Re5 Rxb3 34. Re7 Nd5 35. Rxg7 c5 36. Rxh7 c4 37. h5 c3 38. Rc1 Nf4 39. Kh2 Ne2 40. Re1 c2 41. h6 Rb6 42. g4 c1=Q 43. Rxc1+ Nxc1 44. g5 Nd3 45. Rg7 Nf4 46. h7 Ng6 47. Rxg6 Rxg6 48. h8=Q+ 1-0


[Site "https://www.chess.com"]

[Event "Titled Tuesday Blitz January 18 2022"]
[White "Hjartarson, Johann"]
[Black "Shkapenko, Pavel"]
[WhiteFideId "2300044"]
[BlackFideId "4151933"]
[WhiteElo "2484"]
[BlackElo "2386"]
[Result "1-0"]
[Round "10"]
[TimeControl "180+1"]
[Date "2022.01.18"]
[WhiteClock "0:00:08"]
[BlackClock "0:00:04"]

1. d4 Nf6 2. c4 e6 3. Nf3 Bb4+ 4. Nbd2 d5 5. Qa4+ Nc6 6. e3 Be7 7. a3 a5 8. Qc2 a4 9. Bd3 O-O 10. O-O Bd7 11. e4 g6 12. cxd5 exd5 13. e5 Nh5 14. Re1 Nf4 15. Bf1 g5 16. h3 Qc8 17. b4 Bf5 18. Qc3 Nd8 19. Bb2 Nde6 20. Nh2 h5 21. f3 Qd7 22. Rac1 Rac8 23. Kh1 c6 24. Qe3 h4 25. Ng4 Nh5 26. Nh6+ Kh7 27. Nxf5 Nef4 28. Bd3 Kh8 29. Nxe7 Qxe7 30. Nf1 Qe6 31. Rc2 Rg8 32. Nh2 Ng3+ 33. Kg1 Rce8 34. Ng4 f5 35. Nf2 Rgf8 36. b5 Nfh5 37. bxc6 bxc6 38. Bc3 Rg8 39. Bb4 Nf4 40. Rec1 Rc8 41. Ba6 Rc7 42. Bd6 Rcg7 43. Rxc6 g4 44. fxg4 fxg4 45. Qxf4 gxh3 46. Bf8 Ne2+ 47. Bxe2 Rxg2+ 48. Kh1 h2 49. Qxh4+ 1-0


[Site "https://www.chess.com"]

[Event "Titled Tuesday Blitz January 18 2022"]
[White "Howell, David W L"]
[Black "Bortnyk, Olexandr"]
[WhiteFideId "410608"]
[BlackFideId "14120828"]
[WhiteElo "2559"]
[BlackElo "2723"]
[Result "1-0"]
[Round "10"]
[TimeControl "180+1"]
[Date "2022.01.18"]
[WhiteClock "0:00:10"]
[BlackClock "0:00:01"]

1. e4 Nf6 2. e5 Nd5 3. d4 d6 4. c4 Nb6 5. f4 dxe5 6. fxe5 Bf5 7. Nc3 e6 8. Nf3 Bb4 9. Bd3 Bg4 10. Be3 c5 11. dxc5 Bxc3+ 12. bxc3 N6d7 13. Be4 Nc6 14. Bxc6 bxc6 15. O-O Bxf3 16. Qxf3 Nxe5 17. Qg3 Ng6 18. Rad1 Qe7 19. Rd6 Rc8 20. Rfd1 O-O 21. h3 Qf6 22. Bd4 Qf5 23. Qf2 Qh5 24. Be3 Rc7 25. Rd8 Rc8 26. R8d6 h6 27. Rb1 Rc7 28. a4 a5 29. Rb6 Ne5 30. Qf4 f6 31. Rxe6 Qe2 32. Bd4 Nf3+ 33. gxf3 Qxe6 34. Qxc7 Qe1+ 35. Kg2 Re8 36. Rb8 Rxb8 37. Qxb8+ Kh7 38. Qc8 Qd2+ 39. Bf2 h5 40. Qf5+ Kh6 41. Qe4 Qg5+ 42. Kh2 f5 43. Qe3 f4 44. Qe6+ Kh7 45. Qxc6 1-0


[Site "https://www.chess.com"]

[Event "Titled Tuesday Blitz January 18 2022"]
[White "Indjic, Aleksandar"]
[Black "Kavyev, Ruslan"]
[WhiteFideId "911925"]
[BlackFideId "34110981"]
[WhiteElo "2616"]
[BlackElo "2182"]
[Result "1-0"]
[Round "10"]
[TimeControl "180+1"]
[Date "2022.01.18"]
[WhiteClock "0:01:38"]
[BlackClock "0:00:44"]

1. e4 c5 2. Nf3 d6 3. d4 cxd4 4. Nxd4 Nf6 5. Nc3 a6 6. Bc4 e6 7. a3 Be7 8. Ba2 O-O 9. Be3 Qc7 10. g4 Nc6 11. g5 Nd7 12. h4 Nde5 13. Qe2 b5 14. f4 Nc4 15. Bxc4 Nxd4 16. Bxd4 Qxc4 17. Qxc4 bxc4 18. O-O-O Bb7 19. Rh2 Rfe8 20. Be3 Rac8 21. h5 Red8 22. Rhd2 Bc6 23. f5 exf5 24. exf5 Bf3 25. Rf1 Bxh5 26. Nd5 Bf8 27. Rh2 g6 28. Nf6+ Kg7 29. Bd4 1-0


[Site "https://www.chess.com"]

[Event "Titled Tuesday Blitz January 18 2022"]
[White "Iskusnyh, Sergei"]
[Black "Ozates, Tuna"]
[WhiteFideId "4120027"]
[BlackFideId "6354521"]
[WhiteElo "2492"]
[BlackElo "1872"]
[Result "1-0"]
[Round "10"]
[TimeControl "180+1"]
[Date "2022.01.18"]
[WhiteClock "0:01:10"]
[BlackClock "0:00:30"]

1. d4 Nf6 2. c4 g6 3. g3 Bg7 4. Bg2 O-O 5. Nc3 d6 6. Nf3 Nc6 7. O-O a6 8. b3 Rb8 9. d5 Na5 10. Bg5 h6 11. Be3 c5 12. dxc6 Nxc6 13. Rc1 Bd7 14. Nd5 Nxd5 15. cxd5 Ne5 16. Nxe5 dxe5 17. Qd2 Kh7 18. Rc4 Bb5 19. Rh4 h5 20. a4 Be8 21. Rc1 f5 22. Rhc4 b5 23. axb5 Bxb5 24. Rc7 Qd6 25. Bg5 Rfe8 26. e4 Bd7 27. Qd3 Rb5 28. h4 Reb8 29. R1c3 R8b7 30. Rxb7 Rxb7 31. exf5 gxf5 32. Qd1 Kg6 33. Bf3 e4 34. Bxh5+ Kh7 35. Rc1 e6 36. Bf7 exd5 37. Bxd5 Rb5 38. Bg8+ 1-0


[Site "https://www.chess.com"]

[Event "Titled Tuesday Blitz January 18 2022"]
[White "Ivanisevic, Ivan"]
[Black "Costachi, Mihnea"]
[WhiteFideId "912417"]
[BlackFideId "1217518"]
[WhiteElo "2495"]
[BlackElo "2464"]
[Result "0-1"]
[Round "10"]
[TimeControl "180+1"]
[Date "2022.01.18"]
[WhiteClock "0:00:04"]
[BlackClock "0:01:03"]

1. e4 e5 2. Nf3 Nc6 3. Bc4 Bc5 4. c3 Nf6 5. d3 d6 6. Nbd2 h6 7. Bb3 a6 8. h3 Ba7 9. Nf1 Be6 10. Bc2 d5 11. Qe2 Qd6 12. Ng3 O-O-O 13. O-O d4 14. Bd2 g5 15. Nf5 Bxf5 16. exf5 Rhe8 17. Bb3 Qd7 18. cxd4 exd4 19. Qd1 Re7 20. Rc1 Qxf5 21. Rxc6 bxc6 22. Bc4 g4 23. Nh4 Qh5 24. g3 gxh3 25. Qa4 Kd7 26. Rc1 h2+ 27. Kg2 Ng4 28. Bxf7 Qb5 29. Qxb5 axb5 30. Bg6 Rf8 31. Bf4 Re2 32. Bf5+ Rxf5 33. Nxf5 Nxf2 34. Kf3 Rxb2 35. Re1 h1=Q+ 36. Rxh1 Nxh1 0-1


[Site "https://www.chess.com"]

[Event "Titled Tuesday Blitz January 18 2022"]
[White "Ivanov, Oleg"]
[Black "Aradhya, Garg"]
[WhiteFideId "4103114"]
[BlackFideId "25006746"]
[WhiteElo "2824"]
[BlackElo "2169"]
[Result "0-1"]
[Round "10"]
[TimeControl "180+1"]
[Date "2022.01.18"]
[WhiteClock "0:00:15"]
[BlackClock "0:00:36"]

1. c4 e5 2. g3 Nf6 3. Bg2 Nc6 4. Nc3 g6 5. d3 Bg7 6. e3 O-O 7. Nge2 d6 8. O-O Be6 9. Nd5 Ne7 10. Nec3 c6 11. Nxf6+ Bxf6 12. b3 d5 13. Bb2 h5 14. cxd5 cxd5 15. d4 e4 16. Ba3 Re8 17. Bxe7 Bxe7 18. Na4 Rc8 19. Rc1 Qa5 20. Qe2 Bd7 21. Nc5 Bb5 22. Qb2 Bxf1 23. Bxf1 Qb6 24. b4 a5 25. a3 axb4 26. axb4 Ra8 27. Qb3 Red8 28. b5 Rac8 29. Bh3 Rc7 30. Qb4 Ra8 31. Bf1 Rac8 32. Na4 Bxb4 33. Nxb6 Rxc1 0-1


[Site "https://www.chess.com"]

[Event "Titled Tuesday Blitz January 18 2022"]
[White "Jakubowska, Anna"]
[Black "Demin, Vladimir"]
[WhiteFideId "1121952"]
[BlackFideId "4167457"]
[WhiteElo "1924"]
[BlackElo "2483"]
[Result "1/2-1/2"]
[Round "10"]
[TimeControl "180+1"]
[Date "2022.01.18"]
[WhiteClock "0:00:13"]
[BlackClock "0:01:21"]

1. e4 Nf6 2. e5 Nd5 3. d4 d6 4. Nf3 dxe5 5. Nxe5 g6 6. c4 Nb6 7. Be3 Bg7 8. Nc3 O-O 9. Be2 Be6 10. b3 c5 11. O-O cxd4 12. Bxd4 N6d7 13. Nxd7 Qxd7 14. Bxg7 Kxg7 15. Bf3 Nc6 16. Qxd7 Bxd7 17. Rad1 Rad8 18. Rd2 Bc8 19. Rfd1 Rxd2 20. Rxd2 e5 21. Nb5 a6 22. Bxc6 bxc6 23. Na7 c5 24. Nxc8 Rxc8 25. Rd6 a5 26. Ra6 Rd8 27. Kf1 Rd2 28. Rxa5 Kf6 29. a4 Rb2 30. Rb5 Kf5 31. a5 Ke4 32. a6 Ra2 33. Rxc5 Rxa6 34. Rc7 f5 35. g3 Kf3 36. Ke1 Ra2 37. Re7 e4 38. c5 Rb2 39. c6 Rxb3 40. Kd2 Rb6 41. c7 Rc6 42. Ke1 h5 43. h4 Rc2 44. Rg7 e3 45. fxe3 Kxe3 46. Kd1 Rc6 47. Rxg6 Rxc7 48. Rg5 Rf7 49. Ke1 Kf3 50. Kf1 f4 51. gxf4 Rxf4 52. Kg1 Rxh4 53. Rg6 Ra4 54. Rh6 h4 55. Kh2 Kg4 56. Rg6+ Kh5 57. Rg8 Ra2+ 58. Kh3 Ra3+ 59. Kh2 Ra5 60. Kh3 Ra3+ 61. Kh2 Rb3 62. Kg2 Rb5 63. Kh2 Rb3 64. Kg2 Rc3 65. Kh2 Rc5 66. Kh3 Rg5 67. Rxg5+ Kxg5 68. Kh2 Kg4 69. Kg2 h3+ 70. Kh2 Kh4 71. Kh1 Kg3 72. Kg1 Kf3 73. Kh2 Kg4 74. Kh1 Kg3 75. Kg1 h2+ 76. Kh1 Kh3 1/2-1/2


[Site "https://www.chess.com"]

[Event "Titled Tuesday Blitz January 18 2022"]
[White "Jakubowski, Krzysztof"]
[Black "Cherniaiev, Tykhon"]
[WhiteFideId "1112848"]
[BlackFideId "14182360"]
[WhiteElo "2365"]
[BlackElo "2289"]
[Result "1-0"]
[Round "10"]
[TimeControl "180+1"]
[Date "2022.01.18"]
[WhiteClock "0:00:26"]
[BlackClock "0:00:08"]

1. e4 c5 2. Nc3 e6 3. Nge2 a6 4. d4 cxd4 5. Nxd4 Qc7 6. Bd3 Bb4 7. Bd2 Nf6 8. O-O Be7 9. Kh1 O-O 10. f4 d6 11. Qe2 Nc6 12. Nxc6 bxc6 13. e5 Nd5 14. Ne4 f5 15. exf6 Nxf6 16. Ng5 Qd7 17. Rae1 Re8 18. Nxe6 Bf8 19. f5 d5 20. Bg5 Be7 21. Nxg7 Kxg7 22. Bxf6+ Kf8 23. Be5 Bf6 24. Bd6+ Be7 25. Bxe7+ Rxe7 26. Qh5 Qd6 27. f6 Rxe1 28. Qh6+ Ke8 29. Rxe1+ Kd8 30. Qg7 Be6 31. Qh8+ Kc7 32. Qxa8 Qb4 33. Qa7+ Kd6 34. Qe7# 1-0


[Site "https://www.chess.com"]